 Dungeon Crawl Stone Soup version 0.20-a0-901-g27f6fa8 (webtiles) character file.

18 4thArraOfDagon the Chucker (level 2, 3/24 HPs)
             Began as a Formicid Hunter on Mar 19, 2017.
             Was an Initiate of Ru.
             Quit the game on level 7 of the Dungeon.
             The game lasted 00:01:56 (337 turns).

4thArraOfDagon the Chucker (Formicid Hunter)         Turns: 337, Time: 00:01:57

Health: 3/24       AC:  7    Str: 16    XL:     2   Next: 90%
Magic:  2/2        EV:  9    Int: 10    God:    Ru [......]
Gold:   42         SH:  0    Dex: 11    Spells: 1/1 levels left

rFire    . . .     SeeInvis +   a - +0 short sword
rCold    . . .     Gourm    .   h - +0 scale mail
rNeg     . . .     Faith    .   (no shield)
rPois    .         Spirit   .   (helmet unavailable)
rElec    .         Reflect  .   j - +0 cloak
rCorr    .         Harm     .   (no gloves)
MR       .....                  (no boots)
Stlth    ..........             (no amulet)
Regen    0.1/turn               (no ring)
MPRegen  0.1/turn               (no ring)

@: no status effects
A: permanent stasis, dig shafts and tunnels, four strong arms, antennae 3
a: Dig, Shaft Self, Renounce Religion


You were on level 7 of the Dungeon.
You worshipped Ru.
Ru was noncommittal.
You were not hungry.

You visited 1 branch of the dungeon, and saw 6 of its levels.

You collected 42 gold pieces.

Inventory:

Hand Weapons
 a - a +0 short sword (weapon)
Armour
 b - a +0 leather armour
 h - a +0 scale mail (worn)
 j - a +0 cloak (worn)
Scrolls
 e - a scroll of remove curse {unknown}
 k - a scroll of identify {unknown}
Comestibles
 f - 2 bread rations
 g - a meat ration
 i - a royal jelly


   Skills:
 + Level 3.5 Fighting
 - Level 4.0 Throwing
 - Level 1.7 Dodging
 - Level 1.2 Stealth


You had one spell level left.
You didn't know any spells.

Dungeon Overview and Level Annotations

Branches:
Dungeon (7/15)
 Temple: D:4-7

Altars:
Ashenzari
Ru


Innate Abilities, Weirdness & Mutations

You cannot be hasted, slowed, berserked, paralysed or teleported.
You can dig through walls and to a lower floor.
Your four strong arms can wield two-handed weapons with a shield.
You have a pair of large antennae on your head. (SInv)


Message History

Throwing (i - inventory):
c - 2 javelins (quivered)
Press: ? - help, Shift-Dir - straight line, f/p - killer bee zombie
Aim: a killer bee zombie (moderately damaged)
You throw a javelin.
The javelin barely misses the killer bee zombie.
The killer bee zombie hits you.
The killer bee zombie closely misses you.
The killer bee zombie hits you.
* * * LOW HITPOINT WARNING * * *
Unknown command.
Unknown command.
Throwing (i - inventory):
c - a javelin (quivered)
Press: ? - help, Shift-Dir - straight line, f/p - killer bee zombie
Aim: a killer bee zombie (moderately damaged)
You throw a javelin.
The javelin closely misses the killer bee zombie.
The killer bee zombie closely misses you.
The killer bee zombie hits you but does no damage.
Unknown command.
Are you sure you want to abandon this character and quit the game? (Confirm with "yes".)

#........# #........#
#........#
.###+###........#
................#
................##
.................#
....$............##
.....(.....Z@.....## #
...................#..
.............[......#.#
....................#.##
.......................#
.....................#.##
........................#
...#....................#
#..................#.#


You could see a killer bee zombie.

Vanquished Creatures
  An adder (D:3)
  2 orcs (D:3)
  A bat (D:3)
  A goblin (D:1)
  A kobold (D:2)
  A frilled lizard (D:2)
  A jackal skeleton (D:6)
8 creatures vanquished.

Notes
Turn   | Place    | Note
-------+----------+-------------------------------------------
     0 | D:1      | 4thArraOfDagon the Formicid Hunter began the quest for the Orb.
     0 | D:1      | Reached XP level 1. HP: 16/16 MP: 1/1
    23 | D:1      | You fall through a shaft!
   158 | D:3      | Reached XP level 2. HP: 8/23 MP: 2/2
   228 | D:4      | Found a sacrificial altar of Ru.
   237 | D:4      | Became a worshipper of Ru the Awakened
   242 | D:4      | Noticed an ogre
   270 | D:4      | You fall through a shaft for 2 floors!
   270 | D:6      | Found a shattered altar of Ashenzari.
   337 | D:7      | Quit the game

Vault maps used:
D:1:      mrwooster_arrival_statue_2, minmay_misc_feat_five
D:2:      lemuel_crystal_altar, kennysheep_jessica_study
D:4:      overflow_temple_1_default, first_bread, cheibriados_altar_1
D:6:      tso_altar, minmay_temple_entry_trees, basic_altar
D:7:      lemuel_doored_altar, uniq_joseph

Skill      XL: |  1  2 |
---------------+-------+-----
Fighting       | 3 |  3.5
Throwing       | |  4.0
Dodging        | |  1.7
Stealth        | |  1.2

Action                   || total
-------------------------++-------
Melee: Short sword       ||    18
Throw: Javelin           ||    16
       Throwing net      ||     3
 Abil: Dig               ||     2
       Shaft Self        ||     2
  Eat: Fruit             ||     3
Armor: Scale mail        ||     9
       Leather armour    ||     1
Dodge: Dodged            ||    20
